Map: Orbital Shipyard

Players

Honor - Winner!

  • Race: Terran Terran
  • League: Master

A.I. 1 (Elite)

  • Race: Zerg Zerg

VOD

Have the link to the VOD?

Description

Time

  • Played on: Nov. 21, 2015, 1:01 p.m.
  • Length: 5:41
Show
View Real Time Build Order
Export as new Build Order

Honor Terran - Winner!

Build Orders:  

Get SALT Encoding   

  12  0:01  SCV  
  13  0:13  SCV  
  14  0:18  Supply Depot  
  14  0:25  SCV  
  15  0:40  SCV, Barracks  
  16  0:45  Refinery  
  16  0:58  Supply Depot  
  16  1:21  Barracks  
  16  1:27  Orbital Command  
  16  1:29  Barracks Tech Lab  
  16  1:41  Barracks  
  16  1:48  Marine  
  17  2:03  Combat Shields  
  17  2:06  Marine  
  18  2:08  Marine  
  19  2:17  Barracks  
  19  2:23  Barracks  
  19  2:26  Marine  
  19  2:28  Marine  
  21  2:31  Marine  
  22  2:44  Marine  
  22  2:46  Marine  
  22  2:49  Supply Depot, Marine  
  25  3:02  Marine  
  25  3:04  Marine  
  27  3:05  Marine  
  27  3:07  Marine  
  27  3:12  Marine  
  30  3:18  Supply Depot  
  30  3:19  Marine  
  30  3:21  Marine  
  30  3:23  Marine  
  30  3:25  Marine  
  34  3:30  Marine  
  35  3:37  Marine  
  35  3:39  Marine  
  35  3:41  Marine  
  37  3:43  Marine  
  37  3:44  Supply Depot  
  37  3:47  Marine  
  40  3:55  Marine  
  40  3:57  Marine  
  40  3:59  Marine  
  40  4:00  Marine  
  44  4:05  Marine  
  44  4:09  Supply Depot  
  45  4:13  Marine  
  45  4:15  Marine  
  45  4:17  Marine  
  44  4:18  Marine  
  44  4:23  Marine  
  46  4:31  Marine  
  47  4:32  Supply Depot  
  47  4:33  Marine  
  47  4:34  Marine  
  47  4:38  Marine  
  50  4:41  Marine  
  51  4:48  Marine  
  51  4:50  Marine  
  51  4:52  Marine  
  54  4:56  Marine  
  54  4:59  Marine  
  55  5:06  Marine  
  56  5:08  Marine  
  56  5:10  Marine  
  56  5:13  Marine  
  59  5:17  Marine  
Show
View Real Time Build Order
Export as new Build Order

A.I. 1 (Elite) Zerg 

Build Orders: Pool First 

Get SALT Encoding   

  12  0:00  Drone  
  13  0:12  Overlord  
  13  0:17  Drone  
  14  0:30  Drone x2  
  14  0:34  Drone  
  17  0:47  Drone, Spawning Pool  
  17  1:09  Hatchery  
  16  1:12  Drone  
  16  1:16  Extractor  
  16  1:18  Extractor  
  15  1:19  Drone  
  15  1:24  Drone  
  17  1:27  Drone  
  18  1:38  Drone  
  19  1:48  Overlord  
  19  1:54  Queen  
  19  1:59  Zergling x2  
  22  2:10  Drone  
  23  2:21  Queen  
  25  2:25  Drone  
  26  2:32  Drone  
  26  2:36  Drone  
  28  2:41  Drone  
  29  2:55  Roach Warren  
  29  2:57  Drone  
  29  3:00  Drone  
  29  3:03  Zergling x2  
  31  3:06  Zergling x2  
  31  3:12  Overlord  
  32  3:15  Drone  
  32  3:18  Drone  
  34  3:35  Roach  
  34  3:37  Roach  
  34  3:38  Roach x2  
  42  3:42  Lair  
  42  3:46  Overlord  
  42  3:51  Overlord  
  42  3:54  Zergling x2  
  43  3:56  Zergling x2  
  43  4:04  Drone, Zergling x4  
  43  4:06  Drone  
  43  4:08  Drone  
  48  4:11  Drone  
  48  4:13  Zergling x2  
  48  4:16  Drone  
  48  4:20  Roach  
  48  4:23  Roach  
  46  4:27  Roach  
  46  4:30  Roach  
  48  4:34  Overlord  
  48  4:37  Overlord  
  39  4:48  Overlord  
  36  4:56  Roach, Zergling x4  
  35  5:03  Overlord  
  35  5:05  Overlord  
  34  5:12  Overlord  
Tags
 
Add a new tag
Caveats
  • Supply blocks, unpowered buildings, or Contaminate may cause inaccurate times.
  • Supply counts are checked every 10 seconds.